 Dungeon Sprint DCSS version 0.22-a0-567-gff9aefc (webtiles) character file.

1169 emperorscorpion the Grappler (level 8, -1/75 HPs)
             Began as a Troll Transmuter on June 29, 2018.
             Was a Believer of Sif Muna.
             Slain by a red ugly thing (21 damage)
             ... in the Dungeon (Sprint IX: "|||||||||||||||||||||||||||||").
             The game lasted 00:01:42 (197 turns).

emperorscorpion the Grappler (Troll Transmuter)      Turns: 197, Time: 00:01:43

Health: -1/75      AC:  6    Str: 24    XL:     8   Next: 17%
Magic:  11/13      EV: 12    Int: 12    God:    Sif Muna [**....]
Gold:   0          SH:  0    Dex: 10    Spells: 12/15 levels left

rFire    . . .     SeeInvis .     - Unarmed
rCold    . . .     Gourm    +   (no shield)
rNeg     . . .     Faith    .   b - +0 robe
rPois    .         Spirit   .   (helmet restricted)
rElec    .         Reflect  .   o - +0 cloak
rCorr    .         Harm     .   (gloves unavailable)
MR       .....     NoTele   +   (boots unavailable)
Stlth    +.........             (no amulet)
HPRegen  0.62/turn              p - +3 ring of intelligence
MPRegen  0.13/turn              q - +3 ring of strength

@: no status effects
A: large, unfitting armour, claws 3, fast metabolism 3, gourmand, regeneration
1, shaggy fur 1, tough skin 2
a: Divine Energy, Renounce Religion


You were in the Dungeon.
You worshipped Sif Muna.
Sif Muna was pleased with you.
You were completely stuffed.

You visited 1 branch

Inventory:

Missiles
 a - 12 arrows
Armour
 b - a +0 robe (worn)
 o - a +0 cloak (worn)
Magical Staves
 n - an uncursed staff of energy
Jewellery
 p - a +3 ring of intelligence (left claw)
 q - a +3 ring of strength (right claw)
Wands
 m - a wand of acid (6)
Scrolls
 j - 2 scrolls of blinking
 k - 3 scrolls of remove curse
 l - 2 scrolls of amnesia
Potions
 e - 5 potions of curing
 f - 3 potions of heal wounds
 g - a potion of haste
 h - 4 potions of magic
 i - a potion of invisibility
Comestibles
 c - 3 chunks of flesh
 d - 2 rations


   Skills:
 + Level 3.4 Fighting
 + Level 5.6 Dodging
 + Level 0.3 Stealth
 + Level 13.2 Unarmed Combat
 + Level 4.4 Spellcasting
 + Level 4.7 Transmutations
 + Level 1.2 Evocations


You had 12 spell levels left.
You knew the following spells:

 Your Spells              Type           Power        Failure   Level  Hunger
a - Beastly Appendage     Tmut           ##....       3%          1    None
b - Sticks to Snakes      Tmut           ##......     4%          2    ##.....

Your spell library contained the following spells:

 Spells                   Type           Power        Failure   Level  Hunger
 Spider Form              Tmut/Pois      #.........   24%         3    ###....
 Blade Hands              Tmut           ##........   63%         5    ######.
 Ice Form                 Ice/Tmut       #.......     61%         4    ####...


Dungeon Overview and Level Annotations

Branches:
Dungeon (1/1)

Altars:
Cheibriados
Dithmenos
Elyvilon
Fedhas
Gozag
Hepliaklqana
Kikubaaqudgha
Makhleb
Nemelex Xobeh
Okawaru
Qazlal
Ru
Sif Muna
Trog
Uskayaw
Vehumet
Wu Jian
Xom
Yredelemnul
Zin
The Shining One
Beogh
Jiyva
Lugonu


Innate Abilities, Weirdness & Mutations

You are too large for most types of armour.
You have claws for hands.
Your metabolism is lightning-fast.
You like to eat raw meat.
Your natural rate of healing is unusually fast.
You are covered in fur. (AC +1)
You have very tough skin. (AC +2)


Message History

There is an open door here.
You see here a giant club.
You scratch the centaur warrior.
The centaur warrior is almost dead.
The centaur warrior hits you.
You claw the centaur warrior!
You kill the centaur warrior!
Sif Muna accepts your kill.
Your Fighting skill increases to level 3!
Your Dodging skill increases to level 5!
Your Unarmed Combat skill gained 2 levels and is now at level 13!
Your Spellcasting skill increases to level 4!
Your Evocations skill increases to level 1!
You have reached level 8!
You claw the red ugly thing!
The red ugly thing is almost dead.
The red ugly thing tail-slaps you!
* * * LOW HITPOINT WARNING * * *
You are engulfed in flames!!
You die...

▓.▓
▓[▓
▓.▓
▓.▓
▓.▓
▓.▓
▓.▓
▓(▓
▓@▓
▓u▓
▓Z▓
▓.▓
▓.▓
▓.▓
▓.▓
▓+▓


You could see a red ugly thing and a bat zombie.

Vanquished Creatures
  A centaur warrior (D)
  An ice beast (D)
  An ogre (D)
  A phantom (D)
  A bullfrog (D)
  A scorpion (D)
  A crimson imp (D)
  2 jellies (D)
  An orc priest (D)
  3 adders (D)
  An orc (D)
  A goblin (D)
  2 hobgoblins (D)
  A jackal (D)
  A ball python (D)
  A rat (D)
20 creatures vanquished.

Notes
Turn   | Place    | Note
-------+----------+-------------------------------------------
     0 | D        | emperorscorpion the Troll Transmuter began the quest for the Orb.
     0 | D        | Reached XP level 1. HP: 18/18 MP: 1/1
    15 | D        | Reached skill level 4 in Unarmed Combat
    33 | D        | Noticed an orc priest
    33 | D        | Noticed a scorpion
    35 | D        | Killed an orc priest
    35 | D        | Reached skill level 5 in Unarmed Combat
    35 | D        | Reached XP level 2. HP: 15/26 MP: 1/3
    35 | D        | Reached XP level 3. HP: 19/32 MP: 1/4
    43 | D        | Killed a scorpion
    43 | D        | Reached skill level 1 in Fighting
    43 | D        | Reached skill level 7 in Unarmed Combat
    43 | D        | Reached XP level 4. HP: 23/41 MP: 1/6
    63 | D        | Found a roughly hewn altar of Beogh.
    63 | D        | Found a snail-covered altar of Cheibriados.
    63 | D        | Found a shadowy altar of Dithmenos.
    63 | D        | Found a white marble altar of Elyvilon.
    63 | D        | Found a blossoming altar of Fedhas.
    63 | D        | Found an opulent altar of Gozag.
    64 | D        | Found a hazy altar of Hepliaklqana.
    65 | D        | Found a viscous altar of Jiyva.
    66 | D        | Found an ancient bone altar of Kikubaaqudgha.
    67 | D        | Found a corrupted altar of Lugonu.
    68 | D        | Found a burning altar of Makhleb.
    69 | D        | Found a sparkling altar of Nemelex Xobeh.
    70 | D        | Found an iron altar of Okawaru.
    71 | D        | Found a stormy altar of Qazlal.
    72 | D        | Found a sacrificial altar of Ru.
    73 | D        | Found a deep blue altar of Sif Muna.
    74 | D        | Found a bloodstained altar of Trog.
    75 | D        | Found a hide-covered altar of Uskayaw.
    76 | D        | Found a radiant altar of Vehumet.
    77 | D        | Found an ornate altar of the Wu Jian Council.
    78 | D        | Found a shimmering altar of Xom.
    79 | D        | Found a basalt altar of Yredelemnul.
    80 | D        | Found a glowing silver altar of Zin.
    81 | D        | Became a worshipper of Sif Muna the Loreminder
    82 | D        | Found a glowing golden altar of the Shining One.
   118 | D        | Learned a level 2 spell: Sticks to Snakes
   121 | D        | Noticed a bullfrog
   121 | D        | Noticed a phantom
   128 | D        | Killed a bullfrog
   128 | D        | Reached skill level 8 in Unarmed Combat
   128 | D        | Reached XP level 5. HP: 44/48 MP: 5/8
   130 | D        | Reached skill level 9 in Unarmed Combat
   141 | D        | Killed a phantom
   141 | D        | Reached * piety under Sif Muna
   141 | D        | Reached skill level 10 in Unarmed Combat
   141 | D        | Reached XP level 6. HP: 37/55 MP: 6/10
   181 | D        | Noticed an ice beast
   181 | D        | Noticed a centaur warrior
   181 | D        | Noticed a red ugly thing
   186 | D        | Reached skill level 11 in Unarmed Combat
   188 | D        | Reached ** piety under Sif Muna
   193 | D        | Killed an ice beast
   193 | D        | Reached XP level 7. HP: 41/66 MP: 11/11
   196 | D        | Killed a centaur warrior
   196 | D        | Reached skill level 5 in Dodging
   196 | D        | Reached skill level 13 in Unarmed Combat
   196 | D        | Reached skill level 1 in Evocations
   196 | D        | Reached XP level 8. HP: 30/75 MP: 11/13
   197 | D        | Slain by a red ugly thing

Vault maps used:
D:        linesprint

Skill      XL: |  1  2  3  4  5  6  7 |
---------------+----------------------+-----
Unarmed Combat | 5 7 8 10 11 13 | 13.2
Dodging        | 2 3 4 5 |  5.6
Transmutations | 2 3 4 |  4.7
Spellcasting   | 2 3 4 |  4.4
Fighting       | 1 2 3 |  3.4
Evocations     | 1 |  1.2
Stealth        | |  0.3

Action                   |  1- 3 |  4- 6 |  7- 9 || total
-------------------------+-------+-------+-------++-------
Melee: Unarmed           |    24 |    32 |     3 ||    59
       Kick              |       |     5 |       ||     5
       Punch             |       |     2 |       ||     2
 Cast: Beastly Appendage |       |     2 |       ||     2
Evoke: Wand              |       |     4 |       ||     4
  Use: Potion            |     1 |       |       ||     1
  Eat: Chunk             |       |     7 |       ||     7
Armor: Robe              |     3 |     7 |       ||    10
Dodge: Dodged            |     8 |    15 |     1 ||    24

Table legend:
 A = Spawn XP
 B = Non-spawn XP
 C = Spawn XP percentage of total XP
 D = Spawn monster count
 E = Non-spawn monster count
 F = Spawn count percentage of total count
 G = Total turns spent on level
                    A         B        C        D         E        F      G
               +---------+---------+-------+---------+---------+-------+---------
         Total |       0 |    1671 |   0.0 |       0 |      20 |   0.0 |   197
               +---------+---------+-------+---------+---------+-------+---------
             D |       0 |    1671 |   0.0 |       0 |      20 |   0.0 |   197
               +---------+---------+-------+---------+---------+-------+---------
